 Dungeon Crawl Stone Soup version 0.29-a0-243-g602b31c20e (webtiles) character file.

Game seed: 6309227309775353207

25 sammy202020 the Covered (level 2, 0/27 HPs)
             Began as a Minotaur Fighter on Mar 5, 2022.
             Slain by an orc wizard
             ... wielding a +0 dagger
              (3 damage)
             ... on level 2 of the Dungeon.
             The game lasted 00:01:52 (1310 turns).

sammy202020 the Covered (Minotaur Fighter)          Turns: 1310, Time: 00:01:52

Health: 0/27       AC:  7    Str: 20    XL:     2   Next: 86%
Magic:  0/1        EV:  9    Int:  5    God:
Gold:   77         SH:  4    Dex:  9    Spells: 1/1 levels left

rFire   + . .      SeeInvis .   a - +0 flail
rCold   . . .      Faith    .   c - +0 buckler
rNeg    . . .      Spirit   +   b - +0 scale mail
rPois   .          Reflect  .   (helmet restricted)
rElec   .          Harm     .   (no cloak)
rCorr   .          Rampage  .   (no gloves)
Will    .....                   (no boots)
Stlth   ..........              h - amulet of guardian spirit
HPRegen 0.09/turn               l - ring of protection from fire
MPRegen 0.07/turn               (no ring)

@: mighty
A: horns 2, retaliatory headbutt
a: no special abilities


You were on level 2 of the Dungeon.
You visited 1 branch of the dungeon, and saw 2 of its levels.

You collected 77 gold pieces.

Inventory:

Hand Weapons
 a - a +0 flail (weapon)
Armour
 b - a +0 scale mail (worn)
 c - a +0 buckler (worn)
Jewellery
 h - an amulet of guardian spirit (around neck)
 l - a ring of protection from fire (left hand)
Scrolls
 e - 2 scrolls of identify {unknown}
 f - 2 scrolls of fog {unknown}
 i - a scroll of vulnerability {unknown}
 j - a scroll of amnesia {unknown}
Potions
 g - a potion of heal wounds {unknown}
 k - a potion of brilliance {unknown}
 m - a potion of berserk rage {unknown}
 n - a potion of ambrosia {unknown}


   Skills:
 * Level 4.0 Fighting
 * Level 2.8 Maces & Flails
 * Level 4.0 Armour
 + Level 0.5 Dodging
 * Level 4.0 Shields


You had one spell level left.
You didn't know any spells.
Your spell library contained the following spells:

 Spells                   Type           Power      Damage    Failure   Level
 Corpse Rot               Necr/Air       0%         N/A       96%         2
 Dispel Undead            Necr           0%         3d6       100%        4
 Hailstorm                Conj/Ice       0%         3d3       100%        4
 Ice Form                 Ice/Tmut       0%         N/A       100%        4
 Death Channel            Necr           0%         N/A       100%        6
 Simulacrum               Ice/Necr       0%         N/A       100%        6


Dungeon Overview and Level Annotations

Branches:
Dungeon (2/15)

Altars:


Innate Abilities, Weirdness & Mutations

You have a pair of horns on your head.
You reflexively headbutt those who attack you in melee.


Message History

You are too injured to fight recklessly!
You are too injured to fight recklessly!
You are too injured to fight recklessly!
You are too injured to fight recklessly!
You are too injured to fight recklessly!
You are too injured to fight recklessly!
You are too injured to fight recklessly!
Unknown command.
Sorry, you're not good enough to have a special ability.
You barely miss something.
You hear some strange, mumbled words.
You are confused.
The orc hits you but does no damage.
You sock the orc!
You kill the orc!
Something hits you but does no damage. The ball python barely misses you.
The ball python closely misses you. Something hits you but does no damage.
Your Fighting skill increases to level 4!
You barely miss the ball python. Your headbutt misses the ball python.
The ball python bites you. The ball python grabs you.
The ball python constricts you. Something hits you but does no damage.
The ball python bites you. The ball python constricts you.
You bump into the rock wall.
Something hits you but does no damage.
The ball python bites you but does no damage.
The ball python constricts you.
You escape the ball python's grasp.
You hear some strange, mumbled words.
A puff of flame appears from out of thin air!
The puff of flame hits you. You resist.
* * * LOW HITPOINT WARNING * * *
The rat twitches its whiskers.
You feel less confused. The ball python closely misses you.
You block the ball python's attack. x2
The ball python grabs you. The ball python constricts you.
You escape the ball python's grasp.
You feel very mighty all of a sudden. Something hits you.
* * * LOW HITPOINT WARNING * * *
You closely miss something. Something hits you.
You die...

.....#. ... .... ..#..
..........####
........... ......... ...
##.#.#.# ...
#......####..
#..#@......#
#.###..#{S.....#
#.....>r.......####....
.......)..............#.#
......#####....##.(.....#
...### #.##.##.......# .#
#+##..#.......#
##.#.......# #.#.......#


You could see a ball python and a rat.

Vanquished Creatures
  2 dart slugs (D:1)
  2 orcs (D:2)
  A giant cockroach (D:2)
  3 hobgoblins (D:1)
  A kobold (D:1)
  A quokka (D:1)
  2 ball pythons (D:1)
  2 bats (D:1)
  A frilled lizard (D:1)
  3 goblins (D:1)
  A rat (D:1)
19 creatures vanquished.

Notes
Turn   | Place    | Note
-------+----------+-------------------------------------------
     0 | D:1      | sammy202020 the Minotaur Fighter began the quest for the
                  | Orb.
     0 | D:1      | Reached XP level 1. HP: 19/19 MP: 0/0
   195 | D:1      | Reached XP level 2. HP: 27/27 MP: 1/1
  1003 | D:1      | Found a faded altar of an unknown god.
  1310 | D:2      | Slain by an orc wizard

Illustrated notes

Levels and vault maps discovered:
D:1:      elethiomel_arrival_infinity_welcomes_careful_drivers,
          layout_loops_corners, dilly_ecumenical_altar_fadedgnrine,
          chequers_serial_rivers_marsh, grunt_decor_arrowhead
D:2:      layout_basic

Skill      XL: |  1  2 |
---------------+-------+-----
Armour         | 4 |  4.0
Shields        | 4 |  4.0
Fighting       | 4 |  4.0
Maces & Flails | |  2.8
Dodging        | |  0.5

Action                   || total
-------------------------++-------
Melee: Flail             ||    37
       Headbutt          ||     4
  Use: Potion            ||     1
Armor: Scale mail        ||    16
Dodge: Dodged            ||    17
Block: Buckler           ||     8

Table legend: (Time is in decaauts)
 A = Elapsed time spent in this place.
 B = Non-inter-level travel time spent in this place.
 C = Inter-level travel time spent in this place.
 D = Time resting spent in this place.
 E = Time spent auto-exploring this place.
 F = Levels seen in this place.
 G = Mean time per level.
                   A        B        C        D        E       F      G
               +--------+--------+--------+--------+--------+-----+--------+
         Total |   1324 |   1271 |     53 |      0 |   1134 |   2 |  662.0 |
       Dungeon |   1324 |   1271 |     53 |      0 |   1134 |   2 |  662.0 |
               +--------+--------+--------+--------+--------+-----+--------+

Top non-repeatable levels by time:
     D:1: 1171 daAuts
     D:2: 153 daAuts
